PBL
CHESTER PIRATES @ NIAGARA FALLS PHANTOMS
08/26/2044
 
TOP OF THE 1ST
Chester Pirates batting - Pitching for Niagara Falls Phantoms : RHP Aneirin Cadwallader
Pitching: RHP Aneirin Cadwallader
Batting: RHB Terrence Wilson 0-0: Ball
1-0: Ball
2-0: Ball
3-0: Called Strike
3-1: Base on Balls
Batting: SHB Don Hauk 0-0: Ball
1-0: Swinging Strike
1-1: Ball
2-1: Ball
3-1: Base on Balls
Terrence Wilson to second
Batting: LHB Carlos Vega 0-0: Swinging Strike
0-1: Ball
1-1: Ball
2-1: Swinging Strike
2-2: Strikes out swinging
Batting: RHB Jeff Edwards 0-0: Ball
1-0: Ball
2-0: Ball
3-0: Called Strike
3-1: Grounds into double play, 6-4-3 (Groundball, 56D, EV 87.5 MPH)
Top of the 1st over - 0 runs, 0 hits, 0 errors, 1 left on base; Chester 0 - Niagara Falls 0
BOTTOM OF THE 1ST
Niagara Falls Phantoms batting - Pitching for Chester Pirates : LHP Ben Buerck
Pitching: LHP Ben Buerck
Batting: RHB Ben Kidder 0-0: Foul Ball, location: 2F
0-1: Called Strike
0-2: Ground out 4-3 (Groundball, 4, EV 100.6 MPH)
Batting: SHB Mukhtar Wa'il 0-0: Called Strike
0-1: Fly out, F9 (Flyball, 9S, EV 87.5 MPH)
Batting: RHB Alex Colon 0-0: Ball
1-0: Called Strike
1-1: Swinging Strike
1-2: Ball
2-2: Strikes out swinging
Bottom of the 1st over - 0 runs, 0 hits, 0 errors, 0 left on base; Chester 0 - Niagara Falls 0
TOP OF THE 2ND
Chester Pirates batting - Pitching for Niagara Falls Phantoms : RHP Aneirin Cadwallader
Batting: RHB Dan Kurtz 0-0: Called Strike
0-1: Foul Ball, location: 2F
0-2: Strikes out looking
Batting: LHB Dustin Herman 0-0: Called Strike
0-1: SINGLE (Groundball, 3D, EV 99.4 MPH)
Batting: RHB Frank Elizondo 0-0: SINGLE (Groundball, 56, EV 97.5 MPH) (infield hit)
Dustin Herman to second
Batting: RHB Erik Mulligan 0-0: Called Strike
0-1: Ball
1-1: SINGLE (Line Drive, 9S, EV 94.4 MPH)
Dustin Herman to third
Frank Elizondo to second
Runner from 3rd tries for Home, SAFE, throw by RF to home
Batting: LHB Chad Cutler 0-0: Ball
1-0: Fly out, F8 (Flyball, 8LD, EV 85.0 MPH)
Batting: RHB Terrence Wilson 0-0: Fielders Choice at 2nd, 5-4 (Groundball, 5L, EV 96.3 MPH)
Top of the 2nd over - 1 run, 3 hits, 0 errors, 2 left on base; Chester 1 - Niagara Falls 0
BOTTOM OF THE 2ND
Niagara Falls Phantoms batting - Pitching for Chester Pirates : LHP Ben Buerck
Batting: RHB Devon Utley 0-0: Called Strike
0-1: Ball
1-1: Ground out U3 (Groundball, 34, EV 101.9 MPH)
Batting: LHB Aaron Joyner 0-0: Swinging Strike
0-1: Ball
1-1: Called Strike
1-2: Strikes out looking
Batting: RHB Dale Altman 0-0: Ground out 4-3 (Groundball, 34, EV 95.0 MPH)
Bottom of the 2nd over - 0 runs, 0 hits, 0 errors, 0 left on base; Chester 1 - Niagara Falls 0
TOP OF THE 3RD
Chester Pirates batting - Pitching for Niagara Falls Phantoms : RHP Aneirin Cadwallader
Batting: SHB Don Hauk 0-0: Foul Ball, location: 2F
0-1: Swinging Strike
0-2: SINGLE (Groundball, 6MS, EV 67.5 MPH) (infield hit)
Batting: LHB Carlos Vega 0-0: Ball
1-0: Grounds into double play, 6-4-3 (Groundball, 6, EV 86.9 MPH)
Batting: RHB Jeff Edwards 0-0: Ball
1-0: Ball
2-0: Ball
3-0: Called Strike
3-1: Called Strike
3-2: Base on Balls
Batting: RHB Dan Kurtz 0-0: Fly out, F7 (Line Drive, 7, EV 92.5 MPH)
Top of the 3rd over - 0 runs, 1 hit, 0 errors, 1 left on base; Chester 1 - Niagara Falls 0
BOTTOM OF THE 3RD
Niagara Falls Phantoms batting - Pitching for Chester Pirates : LHP Ben Buerck
Batting: RHB Mark Stafford 0-0: Ball
1-0: Called Strike
1-1: Foul Ball, location: 2F
1-2: Strikes out swinging
Batting: LHB Bart Davies 0-0: Foul Ball, location: 2F
0-1: Swinging Strike
0-2: Foul Ball, location: 2F
0-2: Ball
1-2: Foul Ball, location: 2F
1-2: Foul Ball, location: 2F
1-2: Foul Ball, location: 2F
1-2: Foul Ball, location: 2F
1-2: Ball
2-2: Ball
3-2: SINGLE (Line Drive, 89S, EV 88.1 MPH)
Batting: RHB John Sprenkel 0-0: Ball
1-0: Swinging Strike
1-1: Hit by Pitch
Bart Davies to second
Batting: RHB Ben Kidder 0-0: Called Strike
0-1: Ball
1-1: Swinging Strike
1-2: Ball
2-2: Foul Ball, location: 2F
2-2: Foul Ball, location: 2F
2-2: Ball
3-2: Foul Ball, location: 2F
3-2: Foul Ball, location: 2F
3-2: Strikes out swinging
Batting: SHB Mukhtar Wa'il 0-0: Fielders Choice at 2nd, 6-4 (Groundball, 56, EV 100.6 MPH)
Bottom of the 3rd over - 0 runs, 1 hit, 0 errors, 2 left on base; Chester 1 - Niagara Falls 0
TOP OF THE 4TH
Chester Pirates batting - Pitching for Niagara Falls Phantoms : RHP Aneirin Cadwallader
Batting: LHB Dustin Herman 0-0: Foul Ball, location: 2F
0-1: Foul Ball, location: 2F
0-2: Hit by Pitch
Batting: RHB Frank Elizondo 0-0: Grounds into double play, 4-6-3 (Groundball, 4, EV 76.3 MPH)
Batting: RHB Erik Mulligan 0-0: Ball
1-0: Called Strike
1-1: Called Strike
1-2: Foul Ball, location: 2F
1-2: Strikes out swinging
Top of the 4th over - 0 runs, 0 hits, 0 errors, 0 left on base; Chester 1 - Niagara Falls 0
BOTTOM OF THE 4TH
Niagara Falls Phantoms batting - Pitching for Chester Pirates : LHP Ben Buerck
Batting: RHB Alex Colon 0-0: Ball
1-0: Ball
2-0: Foul Ball, location: 2F
2-1: Fly out, F7 (Flyball, 7, EV 82.5 MPH)
Batting: RHB Devon Utley 0-0: Foul Ball, location: 2F
0-1: Ball
1-1: Ball
2-1: Fly out, F8 (Line Drive, 8LD, EV 100.0 MPH)
Batting: LHB Aaron Joyner 0-0: Foul Ball, location: 2F
0-1: Fly out, F8 (Flyball, 8LXD, EV 103.8 MPH)
Bottom of the 4th over - 0 runs, 0 hits, 0 errors, 0 left on base; Chester 1 - Niagara Falls 0
TOP OF THE 5TH
Chester Pirates batting - Pitching for Niagara Falls Phantoms : RHP Aneirin Cadwallader
Batting: LHB Chad Cutler 0-0: Ball
1-0: Called Strike
1-1: Ball
2-1: Foul Ball, location: 2F
2-2: Ball
3-2: Strikes out swinging
Batting: RHB Terrence Wilson 0-0: Ball
1-0: Ball
2-0: Foul Ball, location: 2F
2-1: Foul Ball, location: 2F
2-2: Strikes out swinging
Batting: SHB Don Hauk 0-0: Ball
1-0: Ball
2-0: Ball
3-0: Base on Balls
Batting: LHB Carlos Vega 0-0: Foul Ball, location: 2F
0-1: Ball
1-1: Ball
2-1: Fly out, F9 (Flyball, 9LM, EV 91.9 MPH)
Top of the 5th over - 0 runs, 0 hits, 0 errors, 1 left on base; Chester 1 - Niagara Falls 0
BOTTOM OF THE 5TH
Niagara Falls Phantoms batting - Pitching for Chester Pirates : LHP Ben Buerck
Batting: RHB Dale Altman 0-0: Ball
1-0: Swinging Strike
1-1: Ball
2-1: Ground out 4-3 (Groundball, 4, EV 97.5 MPH)
Batting: RHB Mark Stafford 0-0: Called Strike
0-1: Foul Ball, location: 2F
0-2: Strikes out swinging
Batting: LHB Bart Davies 0-0: Called Strike
0-1: Called Strike
0-2: Fly out, F8 (Line Drive, 8RM, EV 110.0 MPH)
Bottom of the 5th over - 0 runs, 0 hits, 0 errors, 0 left on base; Chester 1 - Niagara Falls 0
TOP OF THE 6TH
Chester Pirates batting - Pitching for Niagara Falls Phantoms : RHP Aneirin Cadwallader
Batting: RHB Jeff Edwards 0-0: Foul Ball, location: 2F
0-1: Foul Ball, location: 2F
0-2: Ground out 1-3 (Groundball, P, EV 71.3 MPH)
Batting: RHB Dan Kurtz 0-0: Ball
1-0: Foul Ball, location: 2F
1-1: Foul Ball, location: 2F
1-2: Strikes out swinging, 2-3 out at first.
Batting: LHB Dustin Herman 0-0: Called Strike
0-1: SOLO HOME RUN (Flyball, 89XD, EV 106.3 MPH), Distance : 401 ft
Batting: RHB Frank Elizondo 0-0: Called Strike
0-1: Ball
1-1: Called Strike
1-2: Ball
2-2: Foul Ball, location: 2F
2-2: Strikes out swinging
Top of the 6th over - 1 run, 1 hit, 0 errors, 0 left on base; Chester 2 - Niagara Falls 0
BOTTOM OF THE 6TH
Niagara Falls Phantoms batting - Pitching for Chester Pirates : LHP Ben Buerck
Batting: RHB John Sprenkel 0-0: Ground out 3-1 (Groundball, 34, EV 109.4 MPH)
Batting: RHB Ben Kidder 0-0: Called Strike
0-1: Swinging Strike
0-2: Ball
1-2: Foul Ball, location: 2F
1-2: Strikes out swinging
Batting: SHB Mukhtar Wa'il 0-0: Ball
1-0: Swinging Strike
1-1: Foul Ball, location: 2F
1-2: Ball
2-2: SINGLE (Line Drive, 78S, EV 104.4 MPH)
Batting: RHB Alex Colon 0-0: Ball
1-0: Swinging Strike
1-1: Ball
2-1: Foul Ball, location: 2F
2-2: Ball
3-2: 2-RUN HOME RUN (Flyball, 78XD, EV 100.6 MPH), Distance : 404 ft
Batting: RHB Devon Utley 0-0: Called Strike
0-1: Ball
1-1: Foul Ball, location: 2F
1-2: Ball
2-2: Ground out 6-3 (Groundball, 6, EV 88.8 MPH)
Bottom of the 6th over - 2 runs, 2 hits, 0 errors, 0 left on base; Chester 2 - Niagara Falls 2
TOP OF THE 7TH
Chester Pirates batting - Pitching for Niagara Falls Phantoms : RHP Aneirin Cadwallader
Pitching: RHP Vicente Martinez
Batting: RHB Erik Mulligan 0-0: Called Strike
0-1: Swinging Strike
0-2: Foul Ball, location: 2F
0-2: Ball
1-2: Ball
2-2: Ball
3-2: Strikes out swinging
Batting: LHB Chad Cutler 0-0: Ball
1-0: Called Strike
1-1: Swinging Strike
1-2: Ball
2-2: Strikes out swinging
Batting: RHB Terrence Wilson 0-0: Called Strike
0-1: Foul Ball, location: 2F
0-2: Ball
1-2: Ball
2-2: Strikes out swinging
Top of the 7th over - 0 runs, 0 hits, 0 errors, 0 left on base; Chester 2 - Niagara Falls 2
BOTTOM OF THE 7TH
Niagara Falls Phantoms batting - Pitching for Chester Pirates : LHP Ben Buerck
Batting: LHB Aaron Joyner 0-0: Called Strike
0-1: Ball
1-1: Foul Ball, location: 2F
1-2: SINGLE (Line Drive, 5D, EV 96.9 MPH)
Batting: RHB Dale Altman 0-0: Ball
1-0: Bunted foul
1-1: Sac Bunt to 13 - play at first, batter OUT! 1-4
Aaron Joyner to second
Batting: RHB Mark Stafford 0-0: Intentional Walk
Batting: LHB Bart Davies 0-0: Called Strike
0-1: Ball
1-1: Ball
2-1: Grounds into double play, 6-4-3 (Groundball, 6, EV 85.6 MPH)
Bottom of the 7th over - 0 runs, 1 hit, 0 errors, 1 left on base; Chester 2 - Niagara Falls 2
TOP OF THE 8TH
Chester Pirates batting - Pitching for Niagara Falls Phantoms : RHP Vicente Martinez
Pitching: RHP Isaias Chavez
Batting: SHB Don Hauk 0-0: Ball
1-0: Ball
2-0: Ball
3-0: Swinging Strike
3-1: Swinging Strike
3-2: Strikes out looking
Batting: LHB Carlos Vega 0-0: Ball
1-0: Called Strike
1-1: Ball
2-1: SINGLE (Groundball, 6S, EV 76.9 MPH) (infield hit)
Batting: RHB Jeff Edwards 0-0: Foul Ball, location: 2F
0-1: Foul Ball, location: 2F
0-2: Strikes out looking
Batting: RHB Dan Kurtz 0-0: Called Strike
0-1: Ball
1-1: Swinging Strike
1-2: Strikes out swinging
Top of the 8th over - 0 runs, 1 hit, 0 errors, 1 left on base; Chester 2 - Niagara Falls 2
BOTTOM OF THE 8TH
Niagara Falls Phantoms batting - Pitching for Chester Pirates : LHP Ben Buerck
Batting: RHB John Sprenkel 0-0: Ball
1-0: Called Strike
1-1: Called Strike
1-2: Ground out U3 (Groundball, 34S, EV 83.8 MPH)
Pitching: RHP Serguei Rudakovsky
Pinch Hitting: LHB Victor Fiallos 0-0: Called Strike
0-1: Ball
1-1: Ball
2-1: Foul Ball, location: 2F
2-2: Foul Ball, location: 2F
2-2: Foul Ball, location: 2F
2-2: Ball
3-2: Fly out, F5 (Popup, 6S, EV 72.5 MPH)
Batting: SHB Mukhtar Wa'il 0-0: Foul Ball, location: 2F
0-1: Foul Ball, location: 2F
0-2: SINGLE (Groundball, 4MD, EV 101.3 MPH)
Batting: RHB Alex Colon 0-0: Called Strike
0-1: Ball
1-1: Called Strike
1-2: Foul Ball, location: 2F
1-2: Fly out, F8 (Line Drive, 8LM, EV 95.0 MPH)
Bottom of the 8th over - 0 runs, 1 hit, 0 errors, 1 left on base; Chester 2 - Niagara Falls 2
TOP OF THE 9TH
Chester Pirates batting - Pitching for Niagara Falls Phantoms : RHP Isaias Chavez
Now at 2B: Christian Shearer
Batting: LHB Dustin Herman 0-0: Called Strike
0-1: Ball
1-1: Called Strike
1-2: Strikes out swinging
Batting: RHB Frank Elizondo 0-0: Swinging Strike
0-1: Foul Ball, location: 2F
0-2: Strikes out swinging
Batting: RHB Erik Mulligan 0-0: Ball
1-0: Swinging Strike
1-1: Foul Ball, location: 2F
1-2: Strikes out swinging
Top of the 9th over - 0 runs, 0 hits, 0 errors, 0 left on base; Chester 2 - Niagara Falls 2
BOTTOM OF THE 9TH
Niagara Falls Phantoms batting - Pitching for Chester Pirates : RHP Serguei Rudakovsky
Pitching: RHP Fred McIlrath
Batting: RHB Devon Utley 0-0: Foul Ball, location: 2F
0-1: Swinging Strike
0-2: Ball
1-2: Ground out 6-3 (Groundball, 56D, EV 85.6 MPH)
Batting: LHB Aaron Joyner 0-0: Foul Ball, location: 2F
0-1: Foul Ball, location: 2F
0-2: Ground out U3 (Groundball, 3, EV 84.4 MPH)
Pinch Hitting: LHB Jose Lebron 0-0: Ball
1-0: Called Strike
1-1: Fly out, F9 (Flyball, 89M, EV 85.6 MPH)
Bottom of the 9th over - 0 runs, 0 hits, 0 errors, 0 left on base; Chester 2 - Niagara Falls 2
TOP OF THE 10TH
Chester Pirates batting - Pitching for Niagara Falls Phantoms : RHP Isaias Chavez
Now at 3B: Edwin Dominguez
Batting: LHB Chad Cutler 0-0: Ball
1-0: Called Strike
1-1: Foul Ball, location: 2F
1-2: Foul Ball, location: 2F
1-2: Foul Ball, location: 2F
1-2: Fly out, F9 (Flyball, 9LM, EV 101.3 MPH)
Pitching: RHP Jimmy Williams
Batting: RHB Terrence Wilson 0-0: Swinging Strike
0-1: Ball
1-1: Ball
2-1: Ball
3-1: Foul Ball, location: 2F
3-2: Foul Ball, location: 2F
3-2: Base on Balls
Batting: SHB Don Hauk 0-0: Called Strike
Terrence Wilson steals 2nd base
0-1: Ball
1-1: Foul Ball, location: 2F
1-2: Strikes out swinging
Batting: LHB Carlos Vega 0-0: Ball
1-0: Foul Ball, location: 2F
1-1: Swinging Strike
1-2: Ball
2-2: Foul Ball, location: 2F
2-2: Strikes out looking
Top of the 10th over - 0 runs, 0 hits, 0 errors, 1 left on base; Chester 2 - Niagara Falls 2
BOTTOM OF THE 10TH
Niagara Falls Phantoms batting - Pitching for Chester Pirates : RHP Fred McIlrath
Pitching: RHP Steve Kane
Batting: RHB Mark Stafford 0-0: Ball
1-0: Foul Ball, location: 2F
1-1: Swinging Strike
1-2: Ball
2-2: Ball
3-2: Base on Balls
Batting: LHB Bart Davies 0-0: Ball
1-0: Fielders Choice at 2nd, 4-6 (Groundball, 4, EV 84.4 MPH)
Batting: RHB John Sprenkel 0-0: Called Strike
0-1: Fielders Choice at 2nd, 6-4 (Groundball, 6, EV 98.1 MPH)
Batting: RHB Christian Shearer 0-0: Ball
Wild Pitch!
John Sprenkel to second
1-0: DOUBLE (Flyball, 8RXD, EV 95.0 MPH)
John Sprenkel scores
Bottom of the 10th over - 1 run, 1 hit, 0 errors, 0 left on base; Chester 2 - Niagara Falls 3
Game Over ... Niagara Falls defeats Chester, 3 to 2
Thursday, March 31st , 2022 - OOTP Baseball 22.12 Build 89